 Dungeon Crawl Stone Soup version 0.31-a0-369-g8eba5f6939 (webtiles) character file.

Game seed: 1324442453198632558

9 drugrobin the Sneak (level 1, -4/18 HPs)
             Began as a Demigod Delver on July 29, 2023.
             Slain by an orc
             ... wielding a +0 trident
              (6 damage)
             ... on level 4 of the Dungeon.
             The game lasted 00:01:16 (232 turns).

drugrobin the Sneak (Demigod Delver)                 Turns: 232, Time: 00:01:17

Health: -4/18      AC:  3    Str: 13    XL:     1   Next: 93%
Magic:  3/3        EV: 11    Int: 12    God:
Gold:   12         SH:  0    Dex: 15    Spells: 0/0 levels left

rFire   . . .        a - +0 hand axe
rCold   . . .        (no shield)
rNeg    . . .        b - +0 leather armour
rPois   .            (no helmet)
rElec   .            (no cloak)
rCorr   .            (no gloves)
SInv    .            (no boots)
Will    .....        (no amulet)
Stlth   +++          (no ring)
HPRegen 0.23/turn    (no ring)
MPRegen 0.08/turn

%: no passive effects
@: lethally poisoned (-4 -> -13)
A: high MP 1, forlorn, divine attributes
a: no special abilities


You were on level 4 of the Dungeon.
You visited 1 branch of the dungeon, and saw 2 of its levels.

You collected 12 gold pieces.

Inventory:

Hand Weapons
 a - a +0 hand axe (weapon)
Armour
 b - a +0 leather armour (worn)
Wands
 g - a wand of digging (3)
Scrolls
 c - 2 scrolls of fog
 d - a scroll of revelation
 e - a scroll of fear
Potions
 f - a potion of haste


   Skills:
 - Level 2.6 Fighting
 + Level 2.5 Axes
 - Level 1.7 Dodging
 - Level 4.5 Stealth


You couldn't memorise any spells.
You didn't know any spells.
Your spell library was empty.

Dungeon Overview and Level Annotations

Branches:
Dungeon (5/15)
 Temple: D:4-7

Annotations:
D:5 exclusion: shadow imp


Innate Abilities, Weirdness & Mutations

You have an increased reservoir of magic. (+10% MP)
You shall have no god before yourself.
Your divine heritage dramatically boosts your attributes as you level up.


Message History

You hit the orc.
The orc is moderately wounded.
The orc hits you but does no damage. The orc barely misses you.
The orc closely misses you. x2
Unknown command.
You hit the orc.
The orc is heavily wounded.
The orc closely misses you.
The orc hits you from afar with a +0 trident.
You hit the orc.
The orc is heavily wounded.
The orc misses you.
You barely miss the orc. The orc barely misses you.
You closely miss the orc. The orc barely misses you.
You slash the orc!
You kill the orc!
The orc hits you but does no damage. x2
You are poisoned.
Unknown command.
You barely miss the orc. You punch the orc, but do no damage.
The orc is heavily wounded.
You feel very sick.
The orc hits you with a +0 dagger of venom.
You are lethally poisoned!
The orc misses you.
You hit the orc.
You kill the orc!
* * * LOW HITPOINT WARNING * * *
You feel very sick. The orc closely misses you.
Unknown command.
Unknown command.
Okay, then.
As you read the scroll labelled DERUOKEINT, it crumbles to dust.
It is a scroll of identify.
You don't currently have any unidentified items.
* * * LOW HITPOINT WARNING * * *
You feel very sick.
The orc hits you from afar with a +0 trident.
You die...

# ... # #.## # #.#. #
... # # #.. ## #.##.#
.### #..(.# ...# #..#@#
.#.# #..#)#
.#+##########..#o#
.................#
.................#
..............##.# .
......)......###.##....
.......>................
.............###.#####..


You could see an orc.

Vanquished Creatures
  2 orcs (D:4)
  A ball python (D:4)
  A giant cockroach (D:4)
  A goblin (D:4)
  A kobold (D:4)
6 creatures vanquished.

Notes
Turn   | Place    | Note
-------+----------+-------------------------------------------
     0 | D:5      | drugrobin the Demigod Delver began the quest for the Orb.
     0 | D:5      | Reached XP level 1. HP: 18/18 MP: 3/3
    23 | D:5      | Noticed an iguana
   232 | D:4      | Slain by an orc

Illustrated notes

Levels and vault maps discovered:
D:4:      layout_basic, lemuel_zombie_altar_kikubaaqudgha
D:5:      layout_rooms, okawaru_metal_pillars_1_2

Skill      XL: |  1 |
---------------+----+-----
Axes           | 2 |  2.5
Fighting       | |  2.6
Dodging        | |  1.7
Stealth        | |  4.5

Action                     || total
---------------------------++-------
  Melee: Hand axe          ||    28
         Punch             ||     1
    Use: Scroll            ||     1
 Armour: Leather armour    ||     9
  Dodge: Dodged            ||    17

Table legend: (Time is in decaauts)
 A = Elapsed time spent in this place.
 B = Non-inter-level travel time spent in this place.
 C = Inter-level travel time spent in this place.
 D = Time resting spent in this place.
 E = Time spent auto-exploring this place.
 F = Levels seen in this place.
 G = Mean time per level.
                   A        B        C        D        E       F      G
               +--------+--------+--------+--------+--------+-----+--------+
         Total |    237 |    237 |      0 |     79 |     22 |   2 |  118.5 |
       Dungeon |    237 |    237 |      0 |     79 |     22 |   2 |  118.5 |
               +--------+--------+--------+--------+--------+-----+--------+

Top non-repeatable levels by time:
     D:4: 187 daAuts
     D:5: 50 daAuts
